 Dungeon Crawl Stone Soup version 0.13.0-29-gdb529de (webtiles) character file.

223 Paddoo the Firebug (level 4, -1/26 HPs)
             Began as a Deep Elf Fire Elementalist on Nov 14, 2013.
             Killed from afar by Sigmund (5 damage)
             ... with a puff of flame
             ... on Level 2 of the Dungeon.
             The game lasted 00:15:35 (2771 turns).

Paddoo the Firebug (Deep Elf Fire Elementalist)     Turns: 2771, Time: 00:15:36

HP  -1/26        AC  3     Str  5      XL: 4   Next: 79%
MP   8/13        EV 13     Int 21      God:
Gold 100         SH  0     Dex 15      Spells:  3 memorised,  4 levels left

Res.Fire  : . . .   See Invis. : .   k - +1,+0 elf dagger
Res.Cold  : . . .   Warding    : .   a - +0 elf robe
Life Prot.: . . .   Conserve   : .   (no shield)
Res.Poison: .       Res.Corr.  : .   (no helmet)
Res.Elec. : .       Clarity    : .   e - +0 cloak
Sust.Abil.: . .     Spirit.Shd : .   (no gloves)
Res.Mut.  : .       Stasis     : .   (no boots)
Res.Rott. : .       Flight     : .   (no amulet)
Saprovore : . . .                    (no ring)
                                     (no ring)

@: slightly resistant to hostile enchantments, fairly stealthy
A: +10% hp
a: no special abilities


You were on level 2 of the Dungeon.
You were not hungry.

You visited 1 branch of the dungeon, and saw 2 of its levels.

You collected 80 gold pieces.

Inventory:

Hand weapons
 k - a +1,+0 elven dagger (weapon)
Missiles
 g - 37 darts
 i - 2 exploding darts
 p - a dart of frost (quivered)
Armour
 a - a +0 elven robe (worn)
 e - a +0 cloak (worn)
Comestibles
 c - a bread ration
 n - a choko
Scrolls
 h - a scroll of amnesia {unknown}
 j - 3 scrolls of blinking
 o - a scroll of noise {unknown}
 r - a scroll of remove curse {unknown}
Potions
 d - a potion of invisibility
 m - a potion of resistance {unknown}
Books
 b - a book of Flames

   Spells                             Type                      Level
   *Flame Tongue                      Conjuration/Fire             1
   *Throw Flame                       Conjuration/Fire             2
   *Conjure Flame                     Conjuration/Fire             3
   Inner Flame                        Hexes/Fire                   3
   Sticky Flame                       Conjuration/Fire             4
   Fireball                           Conjuration/Fire             5


   Skills:
 + Level 1.0 Fighting
 + Level 2.8 Dodging
 - Level 2.4 Stealth
 * Level 3.8 Spellcasting
 + Level 2.1 Conjurations
 + Level 4.3 Fire Magic


You had 4 spell levels left.
You knew the following spells:

 Your Spells              Type           Power        Failure   Level  Hunger
a - Flame Tongue          Conj/Fire      ###..        3%          1    None
b - Throw Flame           Conj/Fire      ###...       6%          2    #......
c - Conjure Flame         Conj/Fire      ###.....     12%         3    ###....


Dungeon Overview and Level Annotations

Branches:
Dungeon (2/27)

Altars:

Annotations:
D:2 Sigmund


Innate Abilities, Weirdness & Mutations

You are robust (+10% HP).


Message History

Aiming: Flame Tongue
Press: ? - help, Shift-Dir - straight line, f - you The flame hits something.
It hits you.
* * * LOW HITPOINT WARNING * * *
Drink which item? (? for menu, Esc to quit)
You feel robust.
You feel fantastic!
It was a potion of beneficial mutation.
Casting: Flame Tongue
Confirm with . or Enter, or press ? or * to list all spells.
Aiming: Flame Tongue
Press: ? - help, Shift-Dir - straight line, f - you The flame hits something.
It barely misses you.
Casting: Flame Tongue
Confirm with . or Enter, or press ? or * to list all spells.
Aiming: Flame Tongue
Press: ? - help, Shift-Dir - straight line, f - you The flame hits something.
You hear some strange, mumbled words.
The puff of flame hits you!
You die...

########.#.#(..#.......#
...(.....#.....#.......#
......#######..........#
#####....#...........<.#
# ####.#...).%.......# #
#.#.....#...>...# #
#.....{.#......$###### #
##.#..######...?.....# #
#.......@##########.#
###########..###.# #.#
.).....# #..#...# #.#
######.# #..#.### #.# #
#.####..#.######### #.#
# #.................#
#.# #
#.......#.#######.####.#
######.####.##.#
#......#
............##.#
#..#####


There were no monsters in sight!

Vanquished Creatures
  Crazy Yiuf (D:2)
  3 adders (D:2)
  4 worms (D:2)
  2 giant geckos
  4 giant cockroaches
  4 goblins
  2 hobgoblins
  3 jackals (D:1)
  5 kobolds
  A quokka (D:2)
  6 bats
  3 giant newts
  7 rats
  A fungus (D:2)
46 creatures vanquished.

Notes
Turn   | Place    | Note
--------------------------------------------------------------
     0 | D:1      | Paddoo, the Deep Elf Fire Elementalist, began the quest for the Orb.
     0 | D:1      | Reached XP level 1. HP: 10/10 MP: 4/4
   413 | D:1      | Reached XP level 2. HP: 13/15 MP: 0/6
   485 | D:1      | Learned a level 2 spell: Throw Flame
  1192 | D:2      | Noticed Sigmund
  1341 | D:2      | Reached skill level 1 in Fighting
  1341 | D:2      | Reached XP level 3. HP: 19/19 MP: 0/9
  1422 | D:2      | Learned a level 3 spell: Conjure Flame
  1589 | D:2      | Reached skill level 4 in Fire Magic
  1994 | D:2      | Reached XP level 4. HP: 24/24 MP: 5/13
  2574 | D:2      | Noticed Crazy Yiuf
  2590 | D:2      | Killed Crazy Yiuf
  2769 | D:2      | Gained mutation: You are robust (+10% HP). [potion of beneficial mutation]
  2771 | D:2      | Killed from afar by Sigmund

Action                   |  1- 3 |  4- 6 || total
-------------------------+-------+-------++-------
Melee: Dagger            |     2 |    34 ||    36
 Cast: Flame Tongue      |    66 |    30 ||    96
       Throw Flame       |    18 |     3 ||    21
  Use: Scroll            |     6 |       ||     6
       Potion            |       |     2 ||     2
